 Dungeon Crawl Stone Soup version 0.31-a0-204-g7da18cac08 (webtiles) character file.

Game seed: 3176606284048988151

8159 kiwi3s the Fighter (level 11, 0/153 HPs)
             Began as a Minotaur Berserker on June 27, 2023.
             Was a High Priest of Trog.
             Slain by a nine-headed hydra (2 damage)
             ... on level 9 of the Dungeon.
             The game lasted 00:12:59 (10352 turns).

kiwi3s the Fighter (Minotaur Berserker)            Turns: 10352, Time: 00:13:00

Health: 0/153      AC:  5    Str: 26    XL:     11   Next: 6%
Magic:  10/10      EV: 17    Int:  8    God:    Trog [*****.]
Gold:   371        SH:  0    Dex: 16    Spells: 10/10 levels left

rFire   . . .        A - +2 hand axe of the Immovable Xeniums {freeze, Contam Will+ Int+4}
rCold   . . .        (no shield)
rNeg    . . .        l - +0 leather armour
rPois   .            (helmet restricted)
rElec   .            H - +0 cloak
rCorr   +            (no gloves)
SInv    .            (no boots)
Will    +....        c - amulet of faith Stlth
                     n - +6 ring of dexterity
HPRegen 0.45/turn    f - ring of resist corrosion
MPRegen 0.12/turn

%: faith
@: berserking, very quick
A: horns 2, retaliatory headbutt
a: Renounce Religion, Berserk, Trog's Hand, Brothers in Arms


You were on level 9 of the Dungeon.
You worshipped Trog.
Trog was extremely pleased with you.
You visited 1 branch of the dungeon, and saw 9 of its levels.
You also visited: Sewer.

You collected 635 gold pieces.
You spent 264 gold pieces at shops.

Inventory:

Hand Weapons
 x - a +1 vampiric war axe
 A - the +2 hand axe of the Immovable Xeniums (weapon) {freeze, Contam Will+ Int+4}
   (You bought it in a shop on level 5 of the Dungeon)

   Int:       It affects your intelligence (+4).
   Contam:    It causes magical contamination when unequipped.
   Will:      It increases your willpower.
 K - a +10 antimagic battleaxe
Missiles
 G - 5 silver boomerangs
Armour
 l - a +0 leather armour (worn)
 w - a +0 pair of gloves
 H - a +0 cloak (worn)
 I - a +0 chain mail
 J - a +0 buckler
 L - a +0 scale mail
Jewellery
 c - an amulet of faith (around neck)
 d - a ring of poison resistance
 e - an amulet of magic regeneration
 f - a ring of resist corrosion (right hand)
 n - a +6 ring of dexterity (left hand)
 y - a ring of see invisible
 M - the ring of Dicozxewk {rElec rC+ Str+2 Stlth-}
   (You found it on level 9 of the Dungeon)

   [ring of protection from cold]

   Str:       It affects your strength (+2).
   rC:        It protects you from cold.
   rElec:     It insulates you from electricity.
   Stlth:     It makes you less stealthy.
Wands
 a - a wand of mindburst (17)
Scrolls
 b - a scroll of noise {unknown}
 h - 2 scrolls of fog
 k - 4 scrolls of fear {unknown}
 u - 3 scrolls of teleportation {unknown}
 v - 2 scrolls of identify
 C - 3 scrolls of enchant weapon {unknown}
 D - 3 scrolls of blinking {unknown}
Potions
 g - 3 potions of lignification
 i - 3 potions of magic {unknown}
 j - 3 potions of enlightenment
 m - 3 potions of haste
 o - 3 potions of cancellation
 p - 2 potions of ambrosia
 q - 3 potions of heal wounds
 r - 3 potions of invisibility
 s - a potion of mutation {unknown}
 t - a potion of brilliance {unknown}
 z - a potion of resistance {unknown}
 B - a potion of might {unknown}
 E - 2 potions of curing {unknown}
 F - 3 potions of degeneration {unknown}


   Skills:
 + Level 11.0 Fighting
 + Level 10.9 Axes
 + Level 10.6 Armour
 + Level 9.7 Dodging


You had 10 spell levels left.
You didn't know any spells.
Your spell library was empty.

Dungeon Overview and Level Annotations

Branches:
Dungeon (9/15)             Temple (0/1) D:4           Sewer (visited)
   Lair: D:8-11         Orc: D:9-12

Altars:
Dithmenos
Elyvilon
Gozag
Kikubaaqudgha
Makhleb
Okawaru
Ru
Vehumet
Wu Jian
Zin

Shops:
D:3 *   D:5 (

Annotations:
D:7 1 runed translucent door, SirDiesAlot's ghost, novice OpNe


Innate Abilities, Weirdness & Mutations

You have a pair of horns on your head.
You reflexively headbutt those who attack you in melee.


Message History

You freeze the seven-headed hydra. The gnoll barely misses you.
The gnoll misses you.
The seven-headed hydra bites you but does no damage.
The seven-headed hydra bites you!
* * * LOW HITPOINT WARNING * * *
The seven-headed hydra closely misses you.
The seven-headed hydra misses you.
The seven-headed hydra closely misses you.
The seven-headed hydra bites you but does no damage. x2
The cyan ugly thing closely misses you. You furiously retaliate!
You headbutt the cyan ugly thing!!
You kill the cyan ugly thing!
Trog accepts your kill.
Your Fighting skill increases to level 11!
You are too injured to fight recklessly!
You slice one of the seven-headed hydra's heads off!
The six-headed hydra grows two more!
You slash the eight-headed hydra!
The eight-headed hydra seems to slow down.
You freeze the eight-headed hydra.
The eight-headed hydra is lightly wounded.
You hack one of the eight-headed hydra's heads off!
The seven-headed hydra grows two more!
You slash the nine-headed hydra! You freeze the nine-headed hydra.
You headbutt the nine-headed hydra!!
The nine-headed hydra is heavily wounded.
The gnoll misses you. x2
Unknown command.
You are too injured to fight recklessly!
You barely miss the nine-headed hydra.
The nine-headed hydra is heavily wounded.
The nine-headed hydra closely misses you.
The nine-headed hydra completely misses you.
The nine-headed hydra bites you!
* * * LOW HITPOINT WARNING * * *
The nine-headed hydra closely misses you.
The nine-headed hydra bites you!
* * * LOW HITPOINT WARNING * * *
The nine-headed hydra bites you.
* * * LOW HITPOINT WARNING * * *
The nine-headed hydra misses you. The nine-headed hydra bites you.
You die...

.# #..# #..# .# #..#
#..# .# #..# #..# .#
#..# #..# .# #..# #..#
.# #..# #..# .#
#..####..#######..
.######..#......).......
...........####.@Dg.....
######.#..## ###).#.###
#.....# #g... #...###
#...# #..## #..# #...
..# #... .# ##.# #


You could see a nine-headed hydra (slow) and 2 gnolls.

Vanquished Creatures
  A two-headed ogre (D:9)
  Pikel (D:8)
  The ghost of rabbitsville the Fighter, a novice HOFi of Makhleb (D:6)
  2 ugly things
  Grinder (D:3)
  Sigmund (D:3)
  A wraith (D:9)
  2 wyverns
  6 yaks (D:8)
  A steam dragon (D:8)
  A water moccasin (D:7)
  3 ice beasts
  3 black bears
  5 ogres
  2 centaurs (D:9)
  2 phantoms (D:6)
  3 lemures (D:8)
  4 kobold brigands
  2 bullfrogs
  Blork the orc (D:4)
  A gnoll sergeant (D:9)
  4 scorpions
  9 wights
  2 orc priests
  5 hounds
  3 jellies
  A gnoll bouda (D:7)
  Jessica (D:3)
  3 iguanas
  21 orc wizards
  15 gnolls
  13 adders
  5 river rats
  3 white imps
  3 worms
  4 dart slugs
  35 orcs
  3 bats
  2 endoplasms
  4 giant cockroaches
  5 goblins
  6 hobgoblins
  7 jackals
  35 kobolds
  3 quokkas (D:3)
  13 ball pythons
  4 frilled lizards
  28 rats
281 creatures vanquished.

Notes
Turn   | Place    | Note
-------+----------+-------------------------------------------
     0 | D:1      | kiwi3s the Minotaur Berserker began the quest for the Orb.
     0 | D:1      | Reached XP level 1. HP: 19/19 MP: 0/0
   264 | D:1      | Reached XP level 2. HP: 22/27 MP: 1/1
   363 | D:1      | Found a faded altar of an unknown god.
   640 | D:2      | Reached skill level 4 in Fighting
   669 | D:2      | Reached XP level 3. HP: 28/33 MP: 2/2
  1101 | D:3      | Found Zin's Purification Station.
  1109 | D:3      | Found a glowing silver altar of Zin.
  1179 | D:3      | Noticed Grinder
  1187 | D:3      | Paralysed by Grinder for 2 turns
  1189 | D:3      | Killed Grinder
  1190 | D:3      | Reached skill level 5 in Fighting
  1190 | D:3      | Reached skill level 5 in Axes
  1190 | D:3      | Reached XP level 4. HP: 18/42 MP: 3/3
  1190 | D:3      | Reached XP level 5. HP: 20/48 MP: 4/4
  1325 | D:3      | Reached ** piety under Trog
  1417 | D:3      | Found a glowing drain.
  1432 | Sewer    | Entered a sewer
  1464 | Sewer    | Reached XP level 6. HP: 50/56 MP: 5/5
  1644 | Sewer    | Reached *** piety under Trog
  2213 | D:3      | Noticed Sigmund
  2237 | D:3      | Killed Sigmund
  2238 | D:3      | Reached skill level 5 in Armour
  2238 | D:3      | Reached XP level 7. HP: 42/62 MP: 6/6
  2417 | D:3      | Noticed Jessica
  2732 | D:3      | Reached **** piety under Trog
  2930 | D:3      | Killed Jessica
  3003 | D:4      | Reached skill level 6 in Fighting
  3011 | D:3      | HP: 3/63 [poisoned by an orc]
  3505 | D:4      | Noticed Blork the orc
  3509 | D:4      | Killed Blork the orc
  3510 | D:4      | Reached skill level 5 in Dodging
  3844 | D:4      | Found a staircase to the Ecumenical Temple.
  4022 | D:4      | Found a radiant altar of Vehumet.
  4154 | D:5      | Entered Level 5 of the Dungeon
  4296 | D:5      | Found Koxi's Antique Weapon Emporium.
  4303 | D:5      | Bought a dazzling hand axe for 264 gold pieces
  4303 | D:5      | Identified the +2 hand axe of the Immovable Xeniums
                  | {freeze, Contam Will+ Int+4} (You bought it in a shop on
                  | level 5 of the Dungeon)
  4959 | D:5      | Reached XP level 8. HP: 71/71 MP: 7/7
  5234 | D:6      | Reached skill level 7 in Fighting
  5295 | D:6      | Found a shadowy altar of Dithmenos.
  5379 | D:6      | Found a burning altar of Makhleb.
  5470 | D:6      | Found an ancient bone altar of Kikubaaqudgha.
  5640 | D:6      | Found a white marble altar of Elyvilon.
  5690 | D:6      | Reached ***** piety under Trog
  5994 | D:6      | Found a transporter.
  5995 | D:6      | Found a transporter.
  5995 | D:6      | Noticed rabbitsville's ghost (novice HOFi)
  6033 | D:6      | Reached XP level 9. HP: 81/81 MP: 8/8
  6037 | D:6      | Received a gift from Trog
  6038 | D:6      | Reached skill level 8 in Fighting
  6049 | D:6      | Killed rabbitsville's ghost
  6629 | D:7      | Noticed a cyan ugly thing
  6642 | D:7      | Killed a cyan ugly thing
  6643 | D:7      | Reached skill level 9 in Fighting
  7461 | D:7      | Reached XP level 10. HP: 53/91 MP: 9/9
  7673 | D:7      | Found a runed translucent door.
  7673 | D:7      | Noticed SirDiesAlot's ghost (novice OpNe)
  8301 | D:8      | Noticed Pikel
  8318 | D:8      | Killed Pikel
  8364 | D:8      | Found an opulent altar of Gozag.
  8680 | D:8      | Found an iron altar of Okawaru.
  8772 | D:8      | Reached skill level 10 in Fighting
  8773 | D:8      | Reached skill level 10 in Axes
  8780 | D:8      | Received a gift from Trog
  9312 | D:9      | Found an ornate altar of the Wu Jian Council.
  9319 | D:9      | Found a sacrificial altar of Ru.
  9333 | D:9      | Noticed a two-headed ogre
  9341 | D:9      | Killed a two-headed ogre
  9342 | D:9      | Reached skill level 10 in Armour
 10216 | D:9      | Identified the ring of Dicozxewk {rElec rC+ Str+2 Stlth-}
 10336 | D:9      | Reached XP level 11. HP: 74/101 MP: 10/10
 10340 | D:9      | Noticed a cyan ugly thing
 10343 | D:9      | Noticed a four-headed hydra
 10349 | D:9      | Received a gift from Trog
 10349 | D:9      | Killed a cyan ugly thing
 10350 | D:9      | Reached skill level 11 in Fighting
 10352 | D:9      | HP: 3/153 [nine-headed hydra (7)]
 10352 | D:9      | Slain by a nine-headed hydra

Illustrated notes

Levels and vault maps discovered:
D:1:      roderic_dead_forest, layout_rooms, dreamdust_ecumenical_altar_grove,
          grunt_decor_mini_mirrors, chequers_big_river
D:2:      layout_rooms, minmay_pentomino_t2
D:3:      minmay_chambers_of_twos, layout_rooms, zin_purify,
          portal_sewer_entry_e, kennysheep_doodads, uniq_jessica, uniq_sigmund,
          uniq_grinder
D:4:      layout_basic, mainiacjoe_overflow_alcove_1,
          minmay_temple_entry_antechambers, uniq_blork_the_orc
D:5:      layout_loops_ring, serial_shops, nicolae_shop_pleasant_corner_grove,
          chequers_serial_rivers_micro_e
D:6:      minmay_chambers_of_threes, layout_gridville,
          mainiacjoe_overflow_cross_hatched, lemuel_tele_altar,
          nicolae_overflow_crystal_walls, lemuel_crystal_altar,
          gammafunk_ghost_smash
D:7:      layout_layer_cave, gammafunk_ghost_grave
D:8:      layout_basic, nicolae_overflow_hidden_temple, enter_bailey_1,
          minmay_fractal_squares_gapless_5, uniq_pikel
D:9:      minmay_flawed_box, layout_long_grid, amethyst_overflow_temple_binary,
          minmay_ruined_shrine

Skill      XL: |  1  2  3  4  5  6  7  8  9 10 11 |
---------------+----------------------------------+-----
Fighting       | 4 5 6 7 9 10 11 | 11.0
Axes           | 4 5 6 7 9 10 | 10.9
Armour         | 3 4 5 6 7 9 10 | 10.6
Dodging        | 3 4 5 6 8 9 |  9.7

Action                     |  1- 3 |  4- 6 |  7- 9 | 10-12 || total
---------------------------+-------+-------+-------+-------++-------
  Melee: Hand axe          |    56 |    93 |   259 |   180 ||   588
         Headbutt          |     9 |    19 |    51 |    35 ||   114
         Punch             |       |     1 |     4 |     4 ||     9
 Invoke: Berserk           |       |     1 |     4 |     2 ||     7
    Use: Scroll            |       |     5 |     3 |       ||     8
         Potion            |       |       |     2 |       ||     2
   Stab: Sleeping          |       |       |     2 |       ||     2
 Armour: Animal skin       |     4 |       |       |       ||     4
         Leather armour    |     6 |    26 |    41 |    29 ||   102
  Dodge: Dodged            |    34 |    87 |   185 |   139 ||   445

Table legend: (Time is in decaauts)
 A = Elapsed time spent in this place.
 B = Non-inter-level travel time spent in this place.
 C = Inter-level travel time spent in this place.
 D = Time resting spent in this place.
 E = Time spent auto-exploring this place.
 F = Levels seen in this place.
 G = Mean time per level.
                   A        B        C        D        E       F      G
               +--------+--------+--------+--------+--------+-----+--------+
         Total |  10380 |  10032 |    348 |   1069 |   7676 |  10 | 1038.0 |
       Dungeon |   9654 |   9306 |    348 |    926 |   7272 |   9 | 1072.7 |
         Sewer |    725 |    725 |      0 |    143 |    403 |   1 |  725.0 |
               +--------+--------+--------+--------+--------+-----+--------+

Top non-repeatable levels by time:
     D:7: 1763 daAuts
     D:6: 1404 daAuts
     D:3: 1395 daAuts
     D:9: 1057 daAuts
     D:8: 1016 daAuts
     D:4: 1003 daAuts
     D:5: 925 daAuts
   Sewer: 725 daAuts
     D:1: 586 daAuts
     D:2: 502 daAuts
